 Dungeon Crawl Stone Soup version 0.23.0 (webtiles) character file.

Game seed: 5119186625907041280

566 mitkoXXVII the Magician (level 7, -7/54 HPs)
             Began as a Mummy Ice Elementalist on Feb 18, 2019.
             Mangled by Dowan
             ... wielding a +2 dagger of distortion
              (12 damage)
             ... on level 4 of the Dungeon.
             The game lasted 00:10:43 (5141 turns).

mitkoXXVII the Magician (Mummy Ice Elementalist)    Turns: 5141, Time: 00:10:43

Health: -7/54      AC:  4    Str: 11    XL:     7   Next: 10%
Magic:  3/15       EV: 12    Int: 16    God:
Gold:   209        SH:  0    Dex: 13    Spells: 6/17 levels left

rFire    x . .     SeeInvis +   b - +1 dagger (venom)
rCold    + . .     Gourm    .   (no shield)
rNeg     + + +     Faith    .   r - +0 robe
rPois    ∞         Spirit   .   j - +0 helmet (curse)
rElec    .         Reflect  .   k - +0 cloak
rCorr    .         Harm     .   (no gloves)
MR       .....                  (no boots)
Stlth    ++........             (no amulet)
HPRegen  0.18/turn              s - ring of see invisible
MPRegen  0.14/turn              (no ring)

@: no status effects
A: no food or potions, fire vulnerability, cold resistance 1, negative energy
resistance 3, torment resistance, unbreathing
a: no special abilities


You were on level 4 of the Dungeon.
You were not hungry.

You visited 1 branch of the dungeon, and saw 4 of its levels.

You collected 209 gold pieces.

Inventory:

Hand Weapons
 a - a +0 blowgun
 b - a +1 dagger of venom (weapon)
 q - a cursed -2 dagger
 u - a +0 trident
 v - a +0 hunting sling
Missiles
 c - 20 poisoned needles
 f - 7 tomahawks (quivered)
 g - 69 bolts
 i - 74 stones
 m - 13 sling bullets
 x - 6 curare-tipped needles
Armour
 j - a cursed +0 helmet (worn)
 k - a +0 cloak (worn)
 l - a +0 large shield
 o - a +0 helmet of intelligence
 r - a +0 robe (worn)
Jewellery
 h - a +4 ring of dexterity {unknown}
 s - a ring of see invisible (left hand)
Scrolls
 d - 4 scrolls of identify {unknown}
 e - 2 scrolls of immolation {unknown}
 n - a scroll of teleportation {unknown}
 p - a scroll of amnesia {unknown}
 t - a scroll of enchant armour {unknown}
 w - a scroll of magic mapping {unknown}
 y - a scroll of remove curse {unknown}


   Skills:
 + Level 4.1 Fighting
 - Level 1.5 Dodging
 - Level 1.5 Stealth
 + Level 5.9 Spellcasting
 - Level 0.7 Conjurations
 + Level 4.3 Ice Magic


You had 6 spell levels left.
You knew the following spells:

 Your Spells              Type           Power        Failure   Level  Hunger
a - Freeze                Ice            ###.         2%          1    N/A
b - Throw Frost           Conj/Ice       ##....       8%          2    N/A
c - Throw Icicle          Conj/Ice       ##......     43%         4    N/A
d - Summon Ice Beast      Ice/Summ       ##......     50%         4    N/A

Your spell library contained the following spells:

 Spells                   Type           Power        Failure   Level  Hunger
 Ozocubu's Armour         Chrm/Ice       ##......     17%         3    N/A

Dungeon Overview and Level Annotations

Branches:
Dungeon (4/15)
 Temple: D:4-7

Altars:
Ashenzari
Dithmenos
Elyvilon
Gozag
Ru

Annotations:
D:4 Dowan


Innate Abilities, Weirdness & Mutations

You do not eat or drink.
Your flesh is vulnerable to fire.
You are immune to poison.
Your flesh is cold resistant. (rC+)
You are immune to negative energy. (rN+++)
You are immune to unholy pain and torment.
You can survive without breathing.


Message History

Your Fighting skill increases to level 4!
You have reached level 7!
You hit Dowan.
Dowan is lightly wounded.
Dowan hits you with a +2 dagger of distortion.
* * * LOW HITPOINT WARNING * * *
Space warps horribly around you!
* * * LOW HITPOINT WARNING * * *
Dowan closely misses you.
Casting: Freeze (safe; 2% risk of failure)
Confirm with . or Enter, or press ? or * to list all spells.
Aiming: Freeze (safe; 2% risk of failure)
Press: ? - help, Shift-Dir - straight line, f - Dowan
Aim: Dowan, wielding a +2 dagger of distortion and wearing a +0 leather armour (lightly wounded, fast)
You freeze Dowan.
Dowan is lightly wounded.
Dowan hits you with a +2 dagger of distortion.
* * * LOW HITPOINT WARNING * * *
Space warps horribly around you!
You die...

#.# #.#.#.........####.........
#.#####.#.#............##########
#)......#.#............#
..........#............# #######
............##...###...####......
##############..........#.....###
###########...###....#........
#.............######.#.....###
###...........e@)............).#
##...............######.#...#.#..
#..#...........###### #.#...#.###
#......#.....#......###.#...#.#
#......#.....#.......##.....#.###
#...e..##...##.......#....#.#....
#.......#...#.............#.#....
#.......##.##......###....#.#....
#.###....#.#....######....#.#....


You could see Dowan.

Vanquished Creatures
  Duvessa (D:4)
  Blork the orc (D:4)
  A crimson imp (D:3)
  2 hounds
  An orc priest (D:4)
  3 orc wizards (D:4)
  3 worker ants (D:4)
  3 adders
  An ooze (D:4)
  A worm (D:3)
  A dart slug (D:2)
  3 leopard geckos
  16 orcs
  A ball python (D:4)
  3 giant cockroaches
  5 goblins
  2 hobgoblins
  A quokka (D:4)
  5 bats (D:2)
  5 frilled lizards
  10 kobolds
  7 rats
76 creatures vanquished.

Notes
Turn   | Place    | Note
-------+----------+-------------------------------------------
     0 | D:1      | mitkoXXVII the Mummy Ice Elementalist began the quest for
                  | the Orb.
     0 | D:1      | Reached XP level 1. HP: 13/13 MP: 4/4
   829 | D:1      | Reached skill level 3 in Spellcasting
   896 | D:1      | Reached XP level 2. HP: 18/20 MP: 6/6
   915 | D:1      | Learned a level 2 spell: Throw Frost
  1207 | D:2      | Reached skill level 1 in Fighting
  1502 | D:2      | Reached XP level 3. HP: 8/26 MP: 7/7
  1806 | D:2      | Found an opulent altar of Gozag.
  2398 | D:3      | Found a shadowy altar of Dithmenos.
  2473 | D:3      | Reached skill level 4 in Spellcasting
  2473 | D:3      | Reached XP level 4. HP: 27/33 MP: 10/10
  2509 | D:3      | Learned a level 4 spell: Throw Icicle
  2514 | D:3      | Learned a level 4 spell: Summon Ice Beast
  2967 | D:3      | Found a sacrificial altar of Ru.
  3171 | D:4      | Reached XP level 5. HP: 20/39 MP: 11/11
  3510 | D:4      | Noticed Dowan
  3512 | D:4      | Noticed Duvessa
  3670 | D:4      | Found a shattered altar of Ashenzari.
  3874 | D:4      | Noticed Blork the orc
  3897 | D:4      | Killed Blork the orc
  3897 | D:4      | Reached skill level 5 in Spellcasting
  3897 | D:4      | Reached XP level 6. HP: 38/47 MP: 1/13
  4350 | D:4      | Found a white marble altar of Elyvilon.
  5139 | D:4      | Killed Duvessa
  5139 | D:4      | Reached XP level 7. HP: 19/54 MP: 4/15
  5141 | D:4      | Mangled by Dowan

Skill      XL: |  1  2  3  4  5  6 |
---------------+-------------------+-----
Spellcasting   | 3 4 5 |  5.9
Fighting       | 1 2 3 4 |  4.1
Ice Magic      | 3 4 |  4.3
Dodging        | |  1.5
Stealth        | |  1.5
Conjurations   | |  0.7

Action                   |  1- 3 |  4- 6 |  7- 9 || total
-------------------------+-------+-------+-------++-------
Melee: Dagger            |   123 |   128 |     1 ||   252
       Unarmed           |     4 |       |       ||     4
 Fire: Hunting sling     |       |     3 |       ||     3
       Blowgun           |       |     5 |       ||     5
 Cast: Freeze            |     1 |    17 |     2 ||    20
       Throw Frost       |     3 |    15 |       ||    18
 Stab: Sleeping          |     3 |     3 |       ||     6
Armor: Robe              |    32 |    28 |       ||    60
Dodge: Dodged            |    79 |   110 |     1 ||   190
